[Event "V Open Semana Santa Alicante 2021"]
[Site "Alicante"]
[Date "2021.04.02"]
[Round "5.4"]
[White "Serarols Mabras, Bernat"]
[Black "Garcia Brion, Eduardo"]
[Result "1-0"]
[ECO "E40"]
[WhiteElo "2358"]
[BlackElo "2192"]
[Annotator "ChessBase"]
[PlyCount "97"]
[EventDate "2021.03.31"]
[EventType "swiss"]
[EventCountry "ESP"]
[SourceTitle "playchess.com"]
[Source "ChessBase"]
[SourceQuality "1"]
[TimeControl "5400+30"]

1. d4 Nf6 2. c4 e6 3. Nc3 Bb4 4. e3 d6 5. Nge2 O-O 6. a3 Bxc3+ 7. Nxc3 Qe7 8. Be2 e5 9. O-O Re8 10. b3 Nbd7 11. Bb2 c6 12. b4 Nf8 13. Qd2 Bf5 14. Rfd1 Rad8 15. d5 Ng6 16. f3 cxd5 17. cxd5 h5 18. e4 Bc8 19. Bf1 Nh7 20. Qf2 Nf4 21. Qxa7 g5 22. Ne2 f5 23. Ng3 g4 24. fxg4 fxg4 25. Ne2 Rf8 26. Nxf4 Rxf4 27. Bc1 Rf7 28. Bh6 Rf6 29. Qe3 Rg6 30. Bd3 g3 31. h3 Qh4 32. Rf1 Nf6 33. Bg5 Rxg5 34. Rxf6 Rg7 35. Rf3 Bxh3 36. gxh3 Qxh3 37. Ra2 h4 38. Rg2 Rc8 39. Bf1 Qg4 40. Be2 Qh3 41. Bf1 Qg4 42. a4 Rc1 43. Qxc1 Qxf3 44. Qc8+ Kh7 45. Qf5+ Qxf5 46. exf5 Kh6 47. Rc2 Kg5 48. Rc4 b5 49. axb5 1-0

[Event "V Open Semana Santa Alicante 2021"]
[Site "Alicante"]
[Date "2021.04.02"]
[Round "5.5"]
[White "Ibanez Aullana, Ramon"]
[Black "Guardiola Guillot, Lucas"]
[Result "1-0"]
[ECO "C18"]
[WhiteElo "2276"]
[BlackElo "2017"]
[Annotator "ChessBase"]
[PlyCount "101"]
[EventDate "2021.03.31"]
[EventType "swiss"]
[EventCountry "ESP"]
[SourceTitle "playchess.com"]
[Source "ChessBase"]
[SourceQuality "1"]
[TimeControl "5400+30"]

1. e4 e6 2. d4 d5 3. Nc3 Bb4 4. e5 c5 5. a3 Bxc3+ 6. bxc3 Nc6 7. a4 f6 8. Nf3 fxe5 9. dxe5 Qc7 10. Bb5 Bd7 11. O-O Nge7 12. c4 a6 13. cxd5 Nxd5 14. Bc4 Nb6 15. Bd3 O-O-O 16. Re1 Be8 17. Ng5 Qd7 18. Qg4 h6 19. Nf3 Qe7 20. Bb2 Nb4 21. a5 Na4 22. Bc1 Nc3 23. Ra3 Nxd3 24. cxd3 Nb5 25. Rb3 Bc6 26. Be3 Rhf8 27. Rc1 Bxf3 28. gxf3 Nd4 29. Bxd4 Rxd4 30. Qxd4 Qg5+ 31. Qg4 Qxc1+ 32. Kg2 Rf5 33. h4 Qf4 34. Rc3 Qxg4+ 35. fxg4 Rxe5 36. d4 Rd5 37. Rxc5+ Kd7 38. Rxd5+ exd5 39. Kf3 Kc6 40. Kf4 b5 41. axb6 a5 42. Ke3 g5 43. hxg5 hxg5 44. Kd3 a4 45. Kc3 Kxb6 46. Kb4 a3 47. Kxa3 Kb5 48. Kb3 Ka5 49. Kc3 Kb5 50. f4 gxf4 51. g5 1-0

[Event "V Open Semana Santa Alicante 2021"]
[Site "Alicante"]
[Date "2021.04.02"]
[Round "5.6"]
[White "Donado-Mazarron Gomez, Miguel"]
[Black "Vilanova Corbi, Jorge"]
[Result "1/2-1/2"]
[ECO "D17"]
[WhiteElo "2184"]
[BlackElo "2200"]
[Annotator "ChessBase"]
[PlyCount "49"]
[EventDate "2021.03.31"]
[EventType "swiss"]
[EventCountry "ESP"]
[SourceTitle "playchess.com"]
[Source "ChessBase"]
[SourceQuality "1"]
[TimeControl "5400+30"]

1. d4 d5 2. c4 c6 3. Nc3 Nf6 4. Nf3 dxc4 5. a4 Bf5 6. Ne5 Nbd7 7. Nxc4 Nb6 8. Ne5 a5 9. f3 Nfd7 10. Nxd7 Nxd7 11. e4 Bg6 12. Be2 e5 13. dxe5 Qb6 14. f4 f5 15. exf5 Bxf5 16. Bg4 Bxg4 17. Qxg4 O-O-O 18. Bd2 Kb8 19. O-O-O Bb4 20. Qe2 Nc5 21. Be3 Bxc3 22. bxc3 Qb3 23. Bxc5 Qxc3+ 24. Qc2 Qa1+ 25. Qb1 1/2-1/2

[Event "V Open Semana Santa Alicante 2021"]
[Site "Alicante"]
[Date "2021.04.02"]
[Round "5.8"]
[White "Garcia Gimenez, Santiago"]
[Black "Diaz Camallonga, Carles"]
[Result "1-0"]
[ECO "C07"]
[WhiteElo "2266"]
[BlackElo "2469"]
[Annotator "ChessBase"]
[PlyCount "59"]
[EventDate "2021.03.31"]
[EventType "swiss"]
[EventCountry "ESP"]
[SourceTitle "playchess.com"]
[Source "ChessBase"]
[SourceQuality "1"]
[TimeControl "5400+30"]

1. e4 e6 2. d4 d5 3. Nd2 c5 4. exd5 Qxd5 5. Ngf3 cxd4 6. Bc4 Qd6 7. O-O Nf6 8. Nb3 Nc6 9. Nbxd4 Nxd4 10. Nxd4 Be7 11. c3 O-O 12. Qf3 Qc7 13. Bb3 Bd7 14. h3 b5 15. Re1 Rfe8 16. Bf4 Qb6 17. Rad1 Rac8 18. Be5 a5 19. Re3 Red8 20. Qg3 Nh5 21. Qf3 Nf6 22. g4 a4 23. Bc2 h6 24. h4 Bc6 25. Nxc6 Rxd1+ 26. Qxd1 Qxc6 27. g5 Rd8 28. Rd3 Nd5 29. gxh6 g6 30. Rxd5 1-0

[Event "V Open Semana Santa Alicante 2021"]
[Site "Alicante"]
[Date "2021.04.02"]
[Round "5.9"]
[White "Ladron De Guevara Pinto, Paolo"]
[Black "Galiana Fernandez, Adrian"]
[Result "1-0"]
[ECO "C78"]
[WhiteElo "2440"]
[BlackElo "2203"]
[Annotator "ChessBase"]
[PlyCount "58"]
[EventDate "2021.03.31"]
[EventType "swiss"]
[EventCountry "ESP"]
[SourceTitle "playchess.com"]
[Source "ChessBase"]
[SourceQuality "1"]
[TimeControl "5400+30"]

1. e4 e5 2. Nf3 Nc6 3. Bb5 a6 4. Ba4 Nf6 5. O-O Bc5 6. c3 b5 7. Bc2 d5 8. d3 O-O 9. Nbd2 Be6 10. a4 Qd7 11. Qe2 Bb6 12. axb5 axb5 13. Rxa8 Rxa8 14. d4 exd4 15. e5 Ng4 16. cxd4 Nh6 17. Nb3 Nf5 18. Rd1 Na5 19. Nxa5 Rxa5 20. Qd3 g6 21. Bg5 b4 22. Bf6 c5 23. Qd2 Qc8 24. dxc5 Qxc5 25. Rc1 Qf8 26. Bxf5 Bxf5 27. Nd4 Bd7 28. h3 h6 29. Nc6 Bc5 1-0

[Event "V Open Semana Santa Alicante 2021"]
[Site "Alicante"]
[Date "2021.04.02"]
[Round "5.10"]
[White "Moral Garcia, Serafin"]
[Black "Argandona Riveiro, Inigo"]
[Result "1-0"]
[ECO "C68"]
[WhiteElo "2239"]
[BlackElo "2435"]
[Annotator "ChessBase"]
[PlyCount "93"]
[EventDate "2021.03.31"]
[EventType "swiss"]
[EventCountry "ESP"]
[SourceTitle "playchess.com"]
[Source "ChessBase"]
[SourceQuality "1"]
[TimeControl "5400+30"]

1. e4 e5 2. Nf3 Nc6 3. Bb5 a6 4. Bxc6 dxc6 5. O-O Bg4 6. h3 Bh5 7. g4 Bg6 8. Nxe5 Qh4 9. Qf3 f6 10. Nxg6 hxg6 11. Kg2 Bd6 12. d4 O-O-O 13. Be3 Ne7 14. Nd2 g5 15. Rh1 Kb8 16. e5 fxe5 17. Ne4 Rhf8 18. Qg3 exd4 19. Qxh4 gxh4 20. Bxd4 Rf4 21. Rhe1 Bb4 22. Be5 Ng6 23. Bxf4 Nxf4+ 24. Kf3 Rf8 25. c3 Ba5 26. g5 Nxh3+ 27. Kg2 Nf4+ 28. Kh2 Nd3 29. Re2 Bb6 30. Rd1 Ne5 31. Kg2 Ng6 32. Red2 Rf4 33. Rd8+ Ka7 34. Re8 Rg4+ 35. Kh3 Rf4 36. c4 Bxf2 37. Rd7 Kb6 38. Rxg7 Nf8 39. Nf6 Bc5 40. Rg8 Rf1 41. Rgxf8 Bxf8 42. Rxf8 Rh1+ 43. Kg2 Rb1 44. g6 Rxb2+ 45. Kh3 Rxa2 46. g7 Ra3+ 47. Kxh4 1-0

[Event "V Open Semana Santa Alicante 2021"]
[Site "Alicante"]
[Date "2021.04.03"]
[Round "6.1"]
[White "Narciso Dublan, Marc"]
[Black "Movsziszian, Karen"]
[Result "1-0"]
[ECO "A43"]
[WhiteElo "2521"]
[BlackElo "2471"]
[Annotator "ChessBase"]
[PlyCount "100"]
[EventDate "2021.03.31"]
[EventType "swiss"]
[EventCountry "ESP"]
[SourceTitle "playchess.com"]
[Source "ChessBase"]
[SourceQuality "1"]
[TimeControl "5400+30"]

1. d4 c5 2. d5 g6 3. e4 Bg7 4. c4 d6 5. Nc3 Nf6 6. Nge2 b5 7. cxb5 a6 8. Qc2 O-O 9. Bd2 Nbd7 10. a4 Re8 11. Nf4 Ne5 12. b3 Nfd7 13. Ra2 axb5 14. Bxb5 Ba6 15. O-O Qb6 16. Nfe2 Rec8 17. Rb1 Bxb5 18. Nxb5 Nb8 19. Nec3 Na6 20. Nd1 Nc7 21. Na3 Na6 22. Ne3 Nb4 23. Nac4 Qb8 24. Bxb4 cxb4 25. Qe2 Nd7 26. Qf3 Qa7 27. Rc2 Rc7 28. h4 Rac8 29. h5 Bd4 30. Rbc1 Bg7 31. Ng4 Nc5 32. e5 gxh5 33. Nf6+ exf6 34. exf6 Bf8 35. Qg3+ Kh8 36. Nxd6 Ne4 37. Nxc8 Rxc2 38. Rxc2 Qd4 39. Qf3 h4 40. Rc1 Bc5 41. Rxc5 Nxc5 42. Ne7 Ne4 43. Qf4 Qa1+ 44. Kh2 Nxf6 45. Nf5 Qc3 46. d6 Nd7 47. Qe4 Qc8 48. Qg4 Qc3 49. Qe4 Kg8 50. Qe8+ Nf8 1-0

[Event "V Open Semana Santa Alicante 2021"]
[Site "Alicante"]
[Date "2021.04.03"]
[Round "6.2"]
[White "Cuenca Jimenez, Jose Fernando"]
[Black "Del Rio De Angelis, Salvador G."]
[Result "1-0"]
[ECO "A53"]
[WhiteElo "2506"]
[BlackElo "2510"]
[Annotator "ChessBase"]
[PlyCount "89"]
[EventDate "2021.03.31"]
[EventType "swiss"]
[EventCountry "ESP"]
[SourceTitle "playchess.com"]
[Source "ChessBase"]
[SourceQuality "1"]
[TimeControl "5400+30"]

1. d4 Nf6 2. c4 d6 3. Nf3 Nc6 4. Nc3 e5 5. d5 Ne7 6. e4 Ng6 7. h4 Be7 8. g3 Nf8 9. Be2 N8d7 10. Nh2 Nc5 11. Qc2 O-O 12. Be3 a5 13. O-O-O Nfd7 14. Nf3 a4 15. Nb5 Re8 16. Nc3 c6 17. Kb1 Qa5 18. Nd2 Bd8 19. Nf1 Bc7 20. g4 a3 21. b3 Na6 22. Ng3 Nb4 23. Qd2 Nc5 24. Nh5 f6 25. Rhg1 Re7 26. Ng3 Rf7 27. Nf5 Ra6 28. Rg3 Rb6 29. Bxc5 Qxc5 30. Na4 Qxf2 31. Rf3 Qh2 32. Nxb6 Bxb6 33. Nxd6 Bxg4 34. Nxf7 cxd5 35. cxd5 Bxf3 36. Bxf3 Qxd2 37. Rxd2 Kxf7 38. Bg4 Ke7 39. h5 Kd6 40. Bf5 Be3 41. Rg2 Bg5 42. Rg3 Na6 43. b4 Nxb4 44. Rxa3 Na6 45. Bxh7 1-0

[Event "V Open Semana Santa Alicante 2021"]
[Site "Alicante"]
[Date "2021.04.03"]
[Round "6.3"]
[White "Santos Ruiz, Miguel"]
[Black "Yuffa, Daniil"]
[Result "1-0"]
[ECO "E73"]
[WhiteElo "2592"]
[BlackElo "2584"]
[Annotator "ChessBase"]
[PlyCount "85"]
[EventDate "2021.03.31"]
[EventType "swiss"]
[EventCountry "ESP"]
[SourceTitle "playchess.com"]
[Source "ChessBase"]
[SourceQuality "1"]
[TimeControl "5400+30"]

1. c4 g6 2. d4 Bg7 3. e4 d6 4. Nc3 Nf6 5. Be2 O-O 6. Be3 e5 7. d5 Na6 8. h4 Nc5 9. Qc2 c6 10. h5 cxd5 11. cxd5 Qa5 12. h6 Bh8 13. f3 Bd7 14. Rb1 Na4 15. Qd2 Nxc3 16. bxc3 b6 17. Rb3 Rfc8 18. Bd3 Ba4 19. Ra3 Nxd5 20. exd5 e4 21. c4 exd3 22. Qxa5 bxa5 23. Rxa4 Bc3+ 24. Bd2 Bd4 25. Bxa5 Rab8 26. Kd2 Bc5 27. Kxd3 Rb1 28. Kc2 Rcb8 29. Bc3 Rf1 30. Ra6 f5 31. Rc6 Re8 32. Bd2 Ra1 33. Kd3 Rd1 34. f4 a5 35. Rh3 Rxg1 36. Be3 Rd1+ 37. Kc2 Re1 38. Bxc5 R8e2+ 39. Kb3 dxc5 40. a3 Rxg2 41. Rxc5 g5 42. Rd3 Kf7 43. d6 1-0

[Event "V Open Semana Santa Alicante 2021"]
[Site "Alicante"]
[Date "2021.04.03"]
[Round "6.5"]
[White "Lopez Varela, Pablo"]
[Black "Plaskett, H James"]
[Result "1-0"]
[ECO "B83"]
[WhiteElo "2209"]
[BlackElo "2382"]
[Annotator "ChessBase"]
[PlyCount "123"]
[EventDate "2021.03.31"]
[EventType "swiss"]
[EventCountry "ESP"]
[SourceTitle "playchess.com"]
[Source "ChessBase"]
[SourceQuality "1"]
[TimeControl "5400+30"]

1. e4 c5 2. Nc3 Nc6 3. Nf3 e6 4. d4 cxd4 5. Nxd4 d6 6. Be2 Nf6 7. f4 Be7 8. Be3 O-O 9. O-O e5 10. Nxc6 bxc6 11. Kh1 exf4 12. Bxf4 Be6 13. e5 dxe5 14. Bxe5 Qa5 15. Qd4 Qb6 16. Bf3 Rac8 17. Ne4 Nxe4 18. Qxe4 Rfe8 19. Bc3 Bf8 20. Qh4 Rcd8 21. Be4 h6 22. Bd3 Rd5 23. Qe4 g6 24. Qf4 Qd8 25. Rae1 Qg5 26. Qf2 Rd7 27. h4 Qd8 28. h5 Bg7 29. Bxg7 Kxg7 30. hxg6 fxg6 31. Qg3 Qg5 32. Qxg5 hxg5 33. Re5 Rh8+ 34. Kg1 Bxa2 35. Rxg5 Bf7 36. Re1 Rb8 37. b3 Rxd3 38. cxd3 Rxb3 39. Ra5 Rxd3 40. Rxa7 Rd6 41. Rc7 g5 42. Rf1 Rf6 43. Rxf6 Kxf6 44. Rxc6+ Kf5 45. Kf2 Ke5 46. Kg3 Be6 47. Rc5+ Kf6 48. Kf2 Bf5 49. Ke3 Be6 50. Kd4 Ba2 51. Ra5 Bb3 52. Rb5 Be6 53. Ke4 Bg4 54. Rb6+ Kf7 55. Ke5 Kg7 56. Rc6 Kf7 57. Rc4 Be2 58. Re4 Bd3 59. Re3 Bg6 60. Rg3 Bb1 61. Re3 Bh7 62. Rf3+ 1-0

[Event "V Open Semana Santa Alicante 2021"]
[Site "Alicante"]
[Date "2021.04.03"]
[Round "6.8"]
[White "Garrido Outon, Alex"]
[Black "Morante Rafael, Aritz"]
[Result "1-0"]
[ECO "C15"]
[WhiteElo "2362"]
[BlackElo "2161"]
[Annotator "ChessBase"]
[PlyCount "71"]
[EventDate "2021.03.31"]
[EventType "swiss"]
[EventCountry "ESP"]
[SourceTitle "playchess.com"]
[Source "ChessBase"]
[SourceQuality "1"]
[TimeControl "5400+30"]

1. e4 e6 2. d4 d5 3. Nc3 Bb4 4. Nge2 dxe4 5. a3 Bxc3+ 6. Nxc3 Nc6 7. Bb5 Nge7 8. Bg5 f6 9. Be3 O-O 10. Qd2 f5 11. f3 f4 12. Bxf4 Qxd4 13. fxe4 e5 14. Be3 Qxd2+ 15. Bxd2 Be6 16. O-O-O Nd4 17. Bd3 c6 18. Rhf1 Rxf1 19. Bxf1 h6 20. Be3 Rd8 21. b3 b6 22. Kb2 Rd7 23. Nb1 c5 24. c3 Ndc6 25. Nd2 Kf7 26. b4 cxb4 27. axb4 Ke8 28. Ra1 Kd8 29. Be2 Ng8 30. Nf3 Nf6 31. b5 Na5 32. Nxe5 Rc7 33. Ra4 g5 34. Bd3 Bc8 35. c4 Re7 36. Rxa5 1-0

[Event "V Open Semana Santa Alicante 2021"]
[Site "Alicante"]
[Date "2021.04.03"]
[Round "6.9"]
[White "Aranda Marin, Cristian"]
[Black "Rodriguez Redondo, Adhara"]
[Result "1-0"]
[ECO "A06"]
[WhiteElo "2361"]
[BlackElo "2134"]
[Annotator "NA"]
[PlyCount "91"]
[EventDate "2021.03.31"]
[EventType "swiss"]
[EventCountry "ESP"]
[SourceTitle "playchess.com"]
[Source "ChessBase"]
[SourceQuality "1"]
[TimeControl "5400+30"]

1. Nf3 d5 2. g3 Nf6 3. Bg2 e6 4. O-O Be7 5. d3 c5 6. Nbd2 Nc6 7. e4 Qc7 8. Re1 O-O 9. e5 Nd7 10. Qe2 b5 11. h4 f6 12. exf6 Rxf6 13. c4 bxc4 14. dxc4 Ba6 15. b3 Nd4 (15... Raf8 $14) 16. Nxd4 cxd4 {[%emt 0:00:06] [#]} 17. Nf3 $1 d3 18. Qxd3 dxc4 19. bxc4 Bxc4 20. Qc2 Raf8 21. Ng5 g6 22. Be3 Rc8 23. Rab1 Qd8 24. Qa4 Bc5 25. Bxc5 Rxc5 26. Ne4 Rc7 27. Nxf6+ $18 Qxf6 28. Rec1 Qd4 29. Rd1 Qg7 30. Rb7 Rxb7 31. Qxc4 Rb6 32. Qf4 Nf8 33. Rc1 e5 34. Bd5+ Kh8 35. Qg5 h6 36. Qe3 Rd6 37. Bb3 Kh7 38. h5 a6 39. hxg6+ Nxg6 40. Rc8 Nf8 41. Qe4+ Kh8 42. Qf5 Rf6 43. Qxe5 Kh7 44. Rc7 Nd7 45. Rxd7 Qxd7 46. Qxf6 1-0

[Event "V Open Semana Santa Alicante 2021"]
[Site "Alicante"]
[Date "2021.04.03"]
[Round "6.10"]
[White "Revaliente Montoya, Ciro"]
[Black "Carbonell Sancho, Marc"]
[Result "1/2-1/2"]
[ECO "B07"]
[WhiteElo "2128"]
[BlackElo "2330"]
[Annotator "NA"]
[PlyCount "158"]
[EventDate "2021.03.31"]
[EventType "swiss"]
[EventCountry "ESP"]
[SourceTitle "playchess.com"]
[Source "ChessBase"]
[SourceQuality "1"]
[TimeControl "5400+30"]

1. e4 d6 2. d4 Nf6 3. Nc3 g6 4. Bg5 Bg7 5. e5 Nfd7 6. exd6 cxd6 7. Qd2 Nc6 8. Nf3 Nf6 9. O-O-O O-O 10. h4 h5 11. d5 Nb4 12. a3 Na6 13. Nd4 Nc5 14. f3 Bd7 15. Be2 (15. Bh6 $16) 15... b5 16. g4 Qb6 17. gxh5 Nxh5 18. Be3 b4 19. axb4 $19 Qxb4 20. Nb1 Qa4 21. b3 Qa2 22. Rdg1 Rfc8 23. Bc4 Rab8 24. c3 Qa1 25. Qc2 Kf8 26. Rh2 Bxd4 27. Bxd4 Bf5 28. Qb2 Qxb1+ 29. Qxb1 Bxb1 30. Kxb1 Nxb3 31. Bxb3 Rxb3+ 32. Rb2 Rxb2+ 33. Kxb2 Nf4 34. Bxa7 Nxd5 35. Rc1 Rc4 36. Bd4 e5 37. Kb3 Rc8 38. Bf2 Ke7 39. c4 Nf4 40. Rd1 Ne6 41. Be3 Rh8 42. Bf2 Rc8 43. Be3 Ng7 44. f4 Nf5 45. Bc1 Nd4+ 46. Kc3 Ne2+ 47. Kd3 Nxc1+ 48. Rxc1 Ke6 49. fxe5 dxe5 50. Ke4 Rh8 51. Rh1 f5+ 52. Ke3 f4+ 53. Ke4 Rd8 54. Rc1 Rd4+ 55. Kf3 Kf5 56. c5 e4+ 57. Kg2 Rd2+ 58. Kh3 Rd3+ 59. Kg2 Rd7 60. c6 Rc7 61. Rc5+ Kf6 62. Kf2 Ke6 63. Rg5 Kf6 64. Rc5 Kf7 65. Re5 Re7 66. c7 e3+ 67. Kf3 Rxc7 68. Kxf4 Rc4+ 69. Kxe3 Rxh4 70. Kf2 Kf6 71. Re1 Ra4 72. Kg1 Kg5 73. Rd1 Kf4 74. Rf1+ Kg3 75. Rc1 Ra3 76. Rd1 g5 77. Rc1 g4 78. Rd1 Kh3 79. Rc1 g3 1/2-1/2

[Event "V Open Semana Santa Alicante 2021"]
[Site "Alicante"]
[Date "2021.04.03"]
[Round "7.1"]
[White "Cuenca Jimenez, Jose Fernando"]
[Black "Narciso Dublan, Marc"]
[Result "1-0"]
[ECO "A11"]
[WhiteElo "2506"]
[BlackElo "2521"]
[Annotator "ChessBase"]
[PlyCount "135"]
[EventDate "2021.03.31"]
[EventType "swiss"]
[EventCountry "ESP"]
[SourceTitle "playchess.com"]
[Source "ChessBase"]
[SourceQuality "1"]
[TimeControl "5400+30"]

1. c4 c6 2. d4 d5 3. Nc3 Nf6 4. e3 Bf5 5. cxd5 cxd5 6. Qb3 Bc8 7. Nf3 e6 8. Bd3 Be7 9. O-O O-O 10. Bd2 Nc6 11. a3 Bd7 12. Qa2 Rc8 13. Rfc1 h6 14. Rc2 Qc7 15. b4 a6 16. Qb3 Qb8 17. Na4 Na7 18. Nc5 Bb5 19. a4 Bxd3 20. Qxd3 Rfd8 21. Be1 Bd6 22. h3 Nd7 23. Nd2 Nc6 24. Ndb3 Bxc5 25. bxc5 Qc7 26. Rb1 e5 27. Qc3 Rb8 28. Rcb2 Re8 29. Bd2 Re6 30. Na5 exd4 31. exd4 Re4 32. Nxc6 Qxc6 33. Be3 g5 34. Rb4 f5 35. f3 Ree8 36. Qb3 Nf8 37. Rb6 Qd7 38. Bf2 Ne6 39. Rd6 Qf7 40. Qxd5 Nf4 41. Qxf7+ Kxf7 42. Rd7+ Ke6 43. Rdxb7 Rxb7 44. Rxb7 Kd5 45. Rd7+ Kc4 46. h4 gxh4 47. c6 Rc8 48. Rd6 h3 49. gxh3 h5 50. h4 a5 51. Kf1 Nd5 52. Rh6 f4 53. Rxh5 Rxc6 54. Re5 Ra6 55. h5 Nb4 56. Rc5+ Kb3 57. Rf5 Kxa4 58. d5 Kb3 59. d6 a4 60. Rf6 Ra8 61. d7 a3 62. Bd4 Kc4 63. Rd6 Rd8 64. Bf6 a2 65. Rd1 Nd5 66. Bxd8 Ne3+ 67. Ke2 Nxd1 68. Bf6 1-0

[Event "V Open Semana Santa Alicante 2021"]
[Site "Alicante"]
[Date "2021.04.03"]
[Round "7.2"]
[White "Garcia Gimenez, Santiago"]
[Black "Santos Ruiz, Miguel"]
[Result "0-1"]
[ECO "B90"]
[WhiteElo "2266"]
[BlackElo "2592"]
[Annotator "ChessBase"]
[PlyCount "66"]
[EventDate "2021.03.31"]
[EventType "swiss"]
[EventCountry "ESP"]
[SourceTitle "playchess.com"]
[Source "ChessBase"]
[SourceQuality "1"]
[TimeControl "5400+30"]

1. e4 c5 2. Nf3 d6 3. d4 cxd4 4. Nxd4 Nf6 5. Nc3 a6 6. a4 e6 7. Be2 Be7 8. Be3 Qc7 9. O-O b6 10. f4 Bb7 11. Bf3 Nbd7 12. Re1 g6 13. Nb3 O-O 14. Kh1 Rac8 15. Qd2 Rfe8 16. g3 b5 17. axb5 axb5 18. Ra7 Qb8 19. Qg2 b4 20. Nd1 e5 21. Ra5 d5 22. exd5 e4 23. Be2 Nxd5 24. Rb5 Qc7 25. Na5 Ba8 26. Bc4 N7f6 27. Bb3 Red8 28. Nc4 Ng4 29. h3 Bc6 30. Rxd5 Bxd5 31. Nb6 Bxb3 32. Nxc8 Qxc8 33. cxb3 Rxd1 0-1

[Event "V Open Semana Santa Alicante 2021"]
[Site "Alicante"]
[Date "2021.04.03"]
[Round "7.3"]
[White "Movsziszian, Karen"]
[Black "Ibanez Aullana, Ramon"]
[Result "1-0"]
[ECO "A06"]
[WhiteElo "2471"]
[BlackElo "2276"]
[Annotator "ChessBase"]
[PlyCount "61"]
[EventDate "2021.03.31"]
[EventType "swiss"]
[EventCountry "ESP"]
[SourceTitle "playchess.com"]
[Source "ChessBase"]
[SourceQuality "1"]
[TimeControl "5400+30"]

1. g3 d5 2. Nf3 c6 3. Bg2 Bg4 4. b3 Nd7 5. Bb2 e6 6. O-O Bh5 7. d3 f5 8. c4 h6 9. Nbd2 Ngf6 10. Nd4 Bf7 11. cxd5 cxd5 12. e4 fxe4 13. dxe4 Be7 14. exd5 exd5 15. Qe2 O-O 16. Ne6 Qe8 17. Nc7 Qd8 18. Nxa8 Bd6 19. Nf3 Qxa8 20. Nd4 Re8 21. Qc2 Rc8 22. Qd2 Qb8 23. Rfe1 Re8 24. Nf5 Bf8 25. Rxe8 Qxe8 26. Re1 Qd8 27. Ne3 Ne4 28. Bxe4 dxe4 29. Rd1 Be6 30. Qd4 Qf6 31. Qxd7 1-0

[Event "V Open Semana Santa Alicante 2021"]
[Site "Alicante"]
[Date "2021.04.03"]
[Round "7.4"]
[White "Lopez Varela, Pablo"]
[Black "Serarols Mabras, Bernat"]
[Result "0-1"]
[ECO "A06"]
[WhiteElo "2209"]
[BlackElo "2358"]
[Annotator "ChessBase"]
[PlyCount "134"]
[EventDate "2021.03.31"]
[EventType "swiss"]
[EventCountry "ESP"]
[SourceTitle "playchess.com"]
[Source "ChessBase"]
[SourceQuality "1"]
[TimeControl "5400+30"]

1. Nf3 d5 2. g3 Nd7 3. d3 e5 4. Bg2 Ngf6 5. O-O Bd6 6. Nc3 c6 7. e4 O-O 8. exd5 cxd5 9. a4 Re8 10. Nd2 d4 11. Nce4 Bc7 12. a5 Rb8 13. h4 h6 14. Bf3 Nxe4 15. Bxe4 Nf6 16. Bf3 Bh3 17. Bg2 Bxg2 18. Kxg2 Bxa5 19. Nc4 Bb6 20. Re1 Qd5+ 21. f3 Bc5 22. Kh2 Rbc8 23. Rg1 b5 24. Nd2 Bb6 25. Rg2 Qc6 26. Ne4 Nd5 27. g4 Ne3 28. Bxe3 dxe3 29. h5 f6 30. Re2 Qd5 31. Qb1 Red8 32. Kg2 a5 33. Kf1 Kh8 34. Qa2 Qd7 35. Ng3 a4 36. Nf5 Rc6 37. Nh4 Rdc8 38. b3 Bd4 39. Rb1 Qd5 40. Kg2 Kh7 41. Ng6 Qf7 42. Nh4 a3 43. c4 b4 44. Rf1 Qb7 45. Kh3 Rd8 46. Qb1 Kg8 47. Nf5 Ra6 48. f4 exf4 49. Rxf4 a2 50. Rxa2 Rxa2 51. Qxa2 Qh1+ 52. Kg3 Ra8 53. Qe2 Be5 54. Nxe3 Ra1 55. Ng2 Rf1 56. d4 Bxf4+ 57. Nxf4 Re1 58. Qf3 Qxf3+ 59. Kxf3 Rb1 60. Nd3 Rxb3 61. Ke3 Rc3 62. c5 b3 63. Kd2 Rc2+ 64. Kd1 Kf7 65. d5 Ke7 66. c6 Rc4 67. Kd2 Kd6 0-1

[Event "V Open Semana Santa Alicante 2021"]
[Site "Alicante"]
[Date "2021.04.03"]
[Round "7.5"]
[White "Yuffa, Daniil"]
[Black "Macias Pino, Diego"]
[Result "1-0"]
[ECO "A20"]
[WhiteElo "2584"]
[BlackElo "2274"]
[Annotator "ChessBase"]
[PlyCount "53"]
[EventDate "2021.03.31"]
[EventType "swiss"]
[EventCountry "ESP"]
[SourceTitle "playchess.com"]
[Source "ChessBase"]
[SourceQuality "1"]
[TimeControl "5400+30"]

1. c4 e5 2. g3 Nf6 3. Bg2 c6 4. Nf3 e4 5. Nd4 Qb6 6. Nb3 d5 7. cxd5 cxd5 8. O-O Bf5 9. d3 Be7 10. Nc3 exd3 11. Nxd5 Nxd5 12. Bxd5 O-O 13. exd3 Nc6 14. Be3 Qb5 15. Bc4 Qe5 16. d4 Qc7 17. Rc1 Bh3 18. Re1 Bb4 19. Bf4 Bd6 20. Bxd6 Qxd6 21. Qh5 Bd7 22. Re4 Rac8 23. Rf4 Qe7 24. Nc5 Be8 25. Ne4 h6 26. Nf6+ Kh8 27. Qf5 1-0

[Event "V Open Semana Santa Alicante 2021"]
[Site "Alicante"]
[Date "2021.04.03"]
[Round "7.6"]
[White "Del Rio De Angelis, Salvador G."]
[Black "Moral Garcia, Serafin"]
[Result "1-0"]
[ECO "D91"]
[WhiteElo "2510"]
[BlackElo "2239"]
[Annotator "ChessBase"]
[PlyCount "65"]
[EventDate "2021.03.31"]
[EventType "swiss"]
[EventCountry "ESP"]
[SourceTitle "playchess.com"]
[Source "ChessBase"]
[SourceQuality "1"]
[TimeControl "5400+30"]

1. d4 Nf6 2. c4 g6 3. Nc3 d5 4. Nf3 Bg7 5. Bg5 Ne4 6. Bf4 Nxc3 7. bxc3 dxc4 8. e3 b5 9. a4 c6 10. Qb1 Bd7 11. Bxc4 Qb6 12. Bd3 Na6 13. O-O O-O 14. Qb2 Nc7 15. Rfb1 a6 16. Ne5 Rfd8 17. axb5 cxb5 18. c4 Be8 19. Be4 Ra7 20. Bg3 f6 21. Nf3 Bf7 22. c5 Qe6 23. Bc2 Qc6 24. Qb4 Rda8 25. Qa5 e5 26. Qb6 Bd5 27. dxe5 Rb7 28. Qxc6 Bxc6 29. Rd1 Ne8 30. Bb3+ Kf8 31. Nd4 Rc7 32. Ne6+ Ke7 33. Nxg7 1-0

[Event "V Open Semana Santa Alicante 2021"]
[Site "Alicante"]
[Date "2021.04.03"]
[Round "7.7"]
[White "Ladron De Guevara Pinto, Paolo"]
[Black "Motos Abellan, Daniel"]
[Result "1/2-1/2"]
[ECO "C00"]
[WhiteElo "2440"]
[BlackElo "2166"]
[Annotator "ChessBase"]
[PlyCount "80"]
[EventDate "2021.03.31"]
[EventType "swiss"]
[EventCountry "ESP"]
[SourceTitle "playchess.com"]
[Source "ChessBase"]
[SourceQuality "1"]
[TimeControl "5400+30"]

1. e4 e6 2. d4 b6 3. Nf3 Bb7 4. Bd3 Nf6 5. Qe2 Be7 6. O-O d5 7. e5 Nfd7 8. c3 c5 9. Nbd2 Nc6 10. a3 Qc7 11. b4 c4 12. Bc2 O-O-O 13. b5 Na5 14. a4 Rde8 15. Re1 Kb8 16. Nf1 Ka8 17. Ng3 f5 18. exf6 Bxf6 19. Ne5 Bxe5 20. dxe5 Nc5 21. Ba3 Qf7 22. Qe3 Rc8 23. Bb4 Rhf8 24. Ne2 g5 25. Nd4 h5 26. Rf1 Rg8 27. f3 Rce8 28. Rab1 Qf4 29. Qe2 h4 30. h3 Qg3 31. Ba3 Nd3 32. Kh1 Nf4 33. Qf2 Qxf2 34. Rxf2 Kb8 35. Rd2 Kc8 36. Bb4 Ba8 37. Kg1 Rg7 38. Bxa5 bxa5 39. Kf2 Kb7 40. Ne2 Kb6 1/2-1/2